 Dungeon Crawl Stone Soup version 0.24.0-37-gcf1ca852f1 (webtiles) character file.

Game seed: 15441941727108457035, levelgen mode: deterministic

61 kaze the Chopper (level 4, -1/40 HPs)
             Began as a Hill Orc Fighter on Nov 23, 2019.
             Slain by a crimson imp (3 damage)
             ... summoned by Natasha
             ... on level 2 of the Dungeon.
             The game lasted 00:02:11 (2295 turns).

kaze the Chopper (Hill Orc Fighter)                 Turns: 2295, Time: 00:02:12

Health: -1/40      AC:  8    Str: 19    XL:     4   Next: 7%
Magic:  4/4        EV:  7    Int:  8    God:
Gold:   112        SH:  9    Dex: 10    Spells: 3/3 levels left

rFire    . . .     SeeInvis .   a - +0 war axe
rCold    . . .     Gourm    .   c - +0 shield
rNeg     . . .     Faith    .   b - +0 scale mail
rPois    .         Spirit   .   (no helmet)
rElec    .         Reflect  .   (no cloak)
rCorr    .         Harm     .   n - +0 pair of gloves
MR       .....                  (no boots)
Stlth    ..........             (no amulet)
HPRegen  0.13/turn              (no ring)
MPRegen  0.09/turn              (no ring)

@: no status effects
A: no striking features
a: no special abilities


You were on level 2 of the Dungeon.
You were not hungry.

You visited 1 branch of the dungeon, and saw 2 of its levels.

You collected 112 gold pieces.

Inventory:

Hand Weapons
 a - a +0 war axe (weapon)
Armour
 b - a +0 scale mail (worn)
 c - a +0 shield (worn)
 n - a +0 pair of gloves (worn)
Scrolls
 h - a scroll of teleportation {unknown}
 i - a scroll of amnesia {unknown}
 j - a scroll of magic mapping {unknown}
 l - a scroll of fear {unknown}
 m - a scroll of enchant armour {unknown}
 o - a scroll of enchant weapon {unknown}
 q - a scroll of identify {unknown}
Potions
 d - a potion of might
 e - 3 potions of degeneration {unknown}
 g - a potion of brilliance {unknown}
 k - 2 potions of flight {unknown}
 p - a potion of curing
Comestibles
 f - 5 rations


   Skills:
 + Level 3.9 Fighting
 + Level 4.2 Axes
 + Level 3.8 Armour
 + Level 0.3 Stealth
 + Level 3.6 Shields


You had 3 spell levels left.
You didn't know any spells.
Your spell library was empty.

Dungeon Overview and Level Annotations

Branches:
Dungeon (2/15)

Altars:

Annotations:
D:2 1 runed translucent door, Crazy Yiuf, Natasha


Message History

Unknown command.
You completely miss Natasha. You closely miss the crimson imp.
You feel yourself speed up. The crimson imp closely misses you.
Natasha claws you but does no damage. You block the crimson imp's attack.
Unknown command.
Unknown command.
You hit Natasha.
Natasha is lightly wounded.
Your shield and scale mail prevent you from hitting the crimson imp.
Natasha claws you.
* * * LOW HITPOINT WARNING * * *
You block the crimson imp's attack. Natasha claws you.
* * * LOW HITPOINT WARNING * * *
The crimson imp barely misses you.
You hit Natasha.
Natasha is heavily wounded.
You hit the crimson imp but do no damage.
Natasha claws you but does no damage. The crimson imp hits you.
You die...

##### #...# #.# #.#[#
#..)# ##.## #.# #...#
#...# #.# #.###.#.#
...
######.#####.......##
#+#
#..........#####.##.##
##.#
#.##...##..#.........#
#.##
+.....................
##.#
#.##5h.##..#.###.#...#
#.## #.##.@###..#.#
#.##..# ##.##
#..........#.# #.###.#
#...## ####..####.#.#
#.# #.# #..).#
#.......#.# #.# #.#
#.).)#
##.######.###.###.#
#....### #.#
#.........# ##)..#.##
#.# #####.#####
##.#...########.# #.#
##..............# #.#


You could see Natasha and a crimson imp.

Vanquished Creatures
  Natasha (D:2)
  2 worms (D:2)
  A dart slug (D:2)
  A leopard gecko (D:1)
  2 giant cockroaches (D:2)
  6 goblins
  4 hobgoblins
  A quokka (D:2)
  2 bats
  3 frilled lizards
  2 kobolds
  5 rats
30 creatures vanquished.

Notes
Turn   | Place    | Note
-------+----------+-------------------------------------------
     0 | D:1      | kaze the Hill Orc Fighter began the quest for the Orb.
     0 | D:1      | Reached XP level 1. HP: 19/19 MP: 1/1
   152 | D:1      | Reached XP level 2. HP: 26/27 MP: 2/2
   511 | D:1      | Reached skill level 3 in Axes
   930 | D:2      | Noticed Natasha
   939 | D:2      | Killed Natasha
   939 | D:2      | Reached XP level 3. HP: 6/33 MP: 3/3
  1799 | D:2      | Reached skill level 4 in Axes
  1937 | D:2      | Reached XP level 4. HP: 40/40 MP: 4/4
  2131 | D:2      | Found a runed translucent door.
  2132 | D:2      | Noticed Crazy Yiuf
  2278 | D:2      | Noticed Natasha
  2294 | D:2      | HP: 2/40 [Natasha (3)]
  2295 | D:2      | Slain by a crimson imp

Levels and vault maps discovered:
D:1:      shiori_arrival_elements, layout_basic
D:2:      layout_loops_corners, uniq_natasha, uniq_crazy_yiuf_cottage

Skill      XL: |  1  2  3 |
---------------+----------+-----
Axes           | 3 4 |  4.2
Fighting       | |  3.9
Armour         | |  3.8
Stealth        | |  0.3
Shields        | |  3.6

Action                   |  1- 3 |  4- 6 || total
-------------------------+-------+-------++-------
Melee: War axe           |    96 |    20 ||   116
  Eat: Chunk             |     3 |     1 ||     4
Armor: Scale mail        |    36 |    14 ||    50
Dodge: Dodged            |    19 |     9 ||    28
Block: Shield            |    48 |    10 ||    58
